 Dungeon Crawl Stone Soup version 0.28-a0-850-g09de17f5b5 (webtiles) character file.

Game seed: 453545697951043955

53013 vurker the Stormcaller (level 14, 17/88 HPs)
             Began as a Tengu Air Elementalist on Nov 13, 2021.
             Was an Elder of Vehumet.
             Quit the game on level 6 of the Lair of Beasts.
             The game lasted 00:39:33 (40393 turns).

vurker the Stormcaller (Tengu Air Elementalist)    Turns: 40393, Time: 00:39:34

Health: 17/88      AC:  9    Str:  9    XL:     14   Next: 66%
Magic:  26/33      EV: 11    Int: 26    God:    Vehumet [****..]
Gold:   1002       SH: 13    Dex: 15    Spells: 36/41 levels left

rFire   + . .      SeeInvis .   I - staff of poison
rCold   . . .      Faith    .   F - +3 kite shield "Bigidun" {rPois rCorr Slay+3}
rNeg    . . .      Spirit   .   r - +3 leather armour {Will+}
rPois   +          Reflect  .   (helmet restricted)
rElec   .          Harm     .   (no cloak)
rCorr   +          Rampage  .   l - +2 pair of gloves
Will    ++...                   (boots unavailable)
Stlth   ++........              s - amulet of the acrobat
HPRegen 0.24/turn               c - ring of protection from fire
MPRegen 0.23/turn               o - +6 ring of intelligence

@: flying quickly and evasively, studying Poison Magic, quick
A: beak, talons 3, nimble flight
a: Renounce Religion


You were on level 6 of the Lair of Beasts.
You worshipped Vehumet.
Vehumet was greatly pleased with you.
You visited 2 branches of the dungeon, and saw 18 of its levels.

You collected 1002 gold pieces.

Inventory:

Hand Weapons
 w - the +8 rapier "Atupp" {vorpal, rF+ rC- Dex+4}
   (You found it on level 3 of the Lair of Beasts)

   It inflicts extra damage upon your enemies.
   Dex:       It affects your dexterity (+4).
   rF:        It protects you from fire.
   rC:        It makes you vulnerable to cold.
Missiles
 z - 2 throwing nets
Armour
 l - a +2 pair of gloves (worn)
   (You found it on level 3 of the Dungeon)
 r - a +3 leather armour of willpower (worn)
   (You took it off Duvessa on level 4 of the Dungeon)
 F - the +3 kite shield "Bigidun" (worn) {rPois rCorr Slay+3}
   (You acquired it on level 5 of the Lair of Beasts)

   Slay:      It affects your accuracy & damage with ranged weapons and melee
   (+3).
   rPois:     It protects you from poison.
   rCorr:     It protects you from acid and corrosion.
 H - a +2 leather armour of cold resistance
   (You found it on level 6 of the Lair of Beasts)
Magical Staves
 I - a staff of poison (weapon)
   (You found it on level 6 of the Lair of Beasts)
Jewellery
 a - a ring of willpower
   (You found it on level 5 of the Dungeon)
 c - a ring of protection from fire (left hand)
   (You found it on level 1 of the Dungeon)
 o - a +6 ring of intelligence (right hand)
   (You found it on level 3 of the Lair of Beasts)
 s - an amulet of the acrobat (around neck)
   (You found it on level 5 of the Dungeon)
 y - a ring of positive energy
   (You found it on level 7 of the Dungeon)
 C - a ring of willpower
   (You found it on level 4 of the Lair of Beasts)
 E - a ring of protection from cold
   (You found it on level 5 of the Lair of Beasts)
Wands
 d - a wand of iceblast (10)
   (You found it on level 2 of the Lair of Beasts)
 t - a wand of flame (12)
   (You found it on level 8 of the Dungeon)
 u - a wand of paralysis (12)
   (You found it on level 3 of the Lair of Beasts)
 v - a wand of digging (5)
   (You found it on level 6 of the Lair of Beasts)
 A - a wand of polymorph (11)
   (You took it off Harold on level 7 of the Dungeon)
 D - a wand of mindburst (33)
   (You found it on level 4 of the Lair of Beasts)
Scrolls
 f - 2 scrolls of magic mapping
 g - a scroll of blinking
 i - 2 scrolls of amnesia
 j - 2 scrolls of identify
Potions
 e - 2 potions of heal wounds
 h - 3 potions of attraction
 k - 2 potions of haste
 m - 3 potions of magic
 n - a potion of invisibility
 p - 3 potions of cancellation
 q - 10 potions of curing
 x - 7 potions of ambrosia
 B - a potion of resistance
 G - 4 potions of lignification


   Skills:
 + Level 10.9 Fighting
 - Level 2.1 Dodging
 - Level 2.0 Stealth
 * Level 5.2 Shields
 * Level 14.2 Spellcasting
 - Level 8.0 Conjurations
 * Level 19.7 Air Magic


You had 36 spell levels left.
You knew the following spells:

 Your Spells              Type           Power      Damage    Failure   Level
a - Shock                 Conj/Air       100%       1d9       1%          1
c - Airstrike             Air            44%        N/A       1%          4

Your spell library contained the following spells:

 Spells                   Type           Power      Damage    Failure   Level
 Iskenderun's Battlesphe  Conj           56%        2d11      4%          5
 Swiftness                Air            88%        N/A       0%          3
 Magic Dart               Conj           100%       1d8       1%          1
 Searing Ray              Conj           100%       2d8       1%          2
 Static Discharge         Conj/Air       74%        N/A       1%          2
 Fulminant Prism          Conj/Hex       19%        3d11      8%          4
 Silence                  Hex/Air        31%        N/A       8%          5
 Animate Skeleton         Necr           36%        N/A       16%         1
 Apportation              Tloc           36%        N/A       16%         1
 Slow                     Hex            72%        N/A       16%         1
 Summon Small Mammal      Summ           72%        N/A       16%         1
 Irradiate                Conj/Tmut      19%        3d20      21%         5
 Confusing Touch          Hex            18%        N/A       41%         3
 Portal Projectile        Hex/Tloc       36%        N/A       41%         3
 Vampiric Draining        Necr           18%        2d7       41%         3
 Passage of Golubria      Tloc           18%        N/A       83%         4
 Blade Hands              Tmut           9%         N/A       99%         5
 Excruciating Wounds      Necr           9%         N/A       99%         5
 Dragon Form              Tmut           9%         N/A       100%        7
 Borgnjor's Revivificati  Necr           9%         N/A       100%        8
 Lehudib's Crystal Spear  Conj/Erth      19%        10d6      100%        8
 Necromutation            Tmut/Necr      9%         N/A       100%        8
 Death's Door             Necr           9%         N/A       100%        9


Dungeon Overview and Level Annotations

Branches:
Dungeon (12/15)            Temple (0/1) D:6            Lair (6/6) D:11
 Shoals (0/4) Lair:4        Snake (0/4) Lair:2        Slime (0/5) Lair:5
    Orc (0/2) D:10

Altars:
Fedhas
Gozag
Qazlal
Sif Muna
Uskayaw
Vehumet
Wu Jian
The Shining One
Jiyva

Shops:
D:3 !   D:10 !

Annotations:
Lair:5 2 runed translucent doors, Kaive's ghost, journeyman MiFi


Innate Abilities, Weirdness & Mutations

You have a beak for a mouth.
You have claws for feet.
Your magical nature lets you fly swiftly and evasively.


Message History

You can't see any susceptible monsters within range! (Use Z to cast anyway.)
Found a runed rapier.
An ancient zyme comes into view.
Aim: an ancient zyme (dormant, empty space bonus: 2/8)
The air twists around and strikes the ancient zyme!
You feel yourself growing ill in the presence of the ancient zyme.
Aim: an ancient zyme (moderately damaged, empty space bonus: 4/8)
The air twists around and strikes the ancient zyme!
Aim: an ancient zyme (heavily damaged, empty space bonus: 4/8)
The air twists around and strikes the ancient zyme!
Aim: an ancient zyme (severely damaged, empty space bonus: 5/8)
The air twists around and strikes the ancient zyme!
Aim: an ancient zyme (almost destroyed, empty space bonus: 5/8)
The air twists around and strikes the ancient zyme!
You destroy the ancient zyme!
Vehumet accepts your kill.
A small abomination comes into view.
Aim: a small abomination (wandering, hasn't noticed you, empty space bonus: 2/8)
The air twists around and strikes the small abomination!!
Aim: a small abomination (severely damaged, empty space bonus: 4/8)
The air twists around and strikes the small abomination!
Aim: a small abomination (almost destroyed, empty space bonus: 5/8)
The air twists around and strikes the small abomination!
You destroy the small abomination!
Vehumet accepts your kill.
You feel your power returning.
A small abomination comes into view.
Aim: a small abomination (wandering, hasn't noticed you, empty space bonus: 2/8)
The air twists around and strikes the small abomination!!
Aim: a small abomination (almost destroyed, empty space bonus: 4/8)
The air twists around and strikes the small abomination!
You destroy the small abomination!
Vehumet accepts your kill.
You can't see any susceptible monsters within range! (Use Z to cast anyway.)
Found 22 stones.
You see here a +0 rapier of distortion.
A juggernaut comes into view.
Aim: a juggernaut (wandering, hasn't noticed you, chance to affect: 1%)
Okay, then.
Aim: a juggernaut (wandering, hasn't noticed you, empty space bonus: 4/8)
The air twists around and strikes the juggernaut but does no damage.
The juggernaut shouts!
You hear a roar!
You hear two shouts!
Aim: a juggernaut (empty space bonus: 5/8)
The air twists around and strikes the juggernaut but does no damage.
The juggernaut hits you!!!
Ouch! That really hurt!
* * * LOW HITPOINT WARNING * * *
You block the juggernaut's attack.
You hear a roar!
You hear a horrible gurgling sound!
You hear a roar! x2
Okay, then.

.♣♣ ..♣ .♣ ♣♣. ♣.♣
.♣♣ .. ♣♣.♣ ..♣
♣.♣ ♣♣..♣ ..♣ ♣..
♣..)♣ #.♣
♣..♣♣..♣♣ #.♣♣♣
♣.....♣ #...♣
♣♣C...♣ #...♣
♣♣@..♣♣ ....♣
♣....♣ ...♣♣
♣....♣ ...♣ ♣♣♣
♣♣...♣♣ ...♣♣♣.♣
♣...♣♣
...♣♣..♣♣♣♣♣♣♣..♣♣
...♣♣......♣♣...♣
...♣♣.....♣♣♣..♣♣
...♣♣..♣..♣♣..♣♣


You could see a juggernaut.

Vanquished Creatures
  Harold (D:7)
  6 hydras
  A boulder beetle (Lair:5)
  2 death yaks (D:10)
  A deep elf pyromancer (D:7)
  An ugly thing (Lair:5)
  An oklob plant (Lair:3)
  A cyclops (D:12)
  26 elephants
  7 black mambas
  A smoke demon (Lair:6)
  Joseph (D:7)
  Maggie (D:7)
  14 cane toads
  7 rime drakes
  8 komodo dragons
  An ancient zyme (Lair:6)
  A queen bee (Lair:2)
  A troll (D:12)
  A hornet (D:9)
  A slime creature (D:7)
  14 blink frogs
  2 polar bears (Lair:6)
  Sigmund (D:2)
  A ynoxinul (Lair:6)
  7 small abominations
  3 wyverns
  49 yaks
  A spriggan (D:11)
  A vampire (D:11)
  7 basilisks
  Eustachio (D:5)
  2 chaos spawn (Lair:6)
  Menkaure (D:7)
  2 steam dragons
  18 water moccasins
  Duvessa (D:4)
  12 orc warriors
  2 black bears
  4 ice beasts
  2 necrophages
  An ogre (D:6)
  9 wolves
  7 centaurs
  A phantom (D:4)
  3 kobold brigands
  A wyvern zombie (D:8)
  14 bullfrogs
  A gnoll sergeant (D:10)
  A scorpion (Lair:2)
  Dowan (D:4)
  30 killer bees
  22 wights
  5 electric eels
  A howler monkey (D:7)
  6 centaur zombies
  A centaur skeleton (D:6)
  A jelly (D:4)
  3 hounds
  14 orc priests
  2 bullfrog skeletons
  2 iguanas
  10 orc wizards
  Natasha (thrice) (D:2)
  A hell rat (D:11)
  A killer bee zombie (D:6)
  12 gnolls
  4 adders
  2 river rats (D:11)
  A white imp (D:7)
  An ufetubus (D:5)
  A worm (D:3)
  4 dart slugs
  25 orcs
  13 endoplasms
  5 giant cockroaches
  6 goblins
  5 hobgoblins
  4 jackals (D:2)
  23 kobolds
  8 quokkas
  8 ball pythons
  6 bats
  2 frilled lizards (D:1)
  7 rats
493 creatures vanquished.

Vanquished Creatures (others)
  A kobold (D:11)
  35 fungi
  45 plants
81 creatures vanquished.

Grand Total: 574 creatures vanquished

Notes
Turn   | Place    | Note
-------+----------+-------------------------------------------
     0 | D:1      | vurker the Tengu Air Elementalist began the quest for the
                  | Orb.
     0 | D:1      | Reached XP level 1. HP: 10/10 MP: 4/4
   159 | D:1      | Reached XP level 2. HP: 16/16 MP: 0/6
   816 | D:1      | Reached XP level 3. HP: 20/20 MP: 1/7
  1186 | D:1      | Reached skill level 1 in Fighting
  1200 | D:1      | Found a faded altar of an unknown god.
  1885 | D:2      | Noticed Sigmund
  1912 | D:2      | Killed Sigmund
  1913 | D:2      | Reached skill level 5 in Air Magic
  1913 | D:2      | Reached XP level 4. HP: 7/26 MP: 1/10
  1913 | D:2      | Gained mutation: Your magical nature lets you fly swiftly
                  | and evasively. [Tengu growth]
  1913 | D:2      | Reached XP level 5. HP: 9/30 MP: 1/11
  2356 | D:2      | Learned a level 4 spell: Airstrike
  2671 | D:2      | Reached XP level 6. HP: 35/35 MP: 8/12
  2901 | D:2      | Noticed Natasha
  2909 | D:2      | Killed Natasha
  2910 | D:2      | Reached skill level 6 in Air Magic
  3045 | D:2      | Noticed Natasha
  3051 | D:2      | Killed Natasha
  3625 | D:2      | Noticed Natasha
  3632 | D:2      | Killed Natasha
  4469 | D:3      | Reached XP level 7. HP: 15/40 MP: 8/14
  4814 | D:3      | Found Qeestrorr's Distillery.
  4834 | D:3      | Reached skill level 7 in Air Magic
  4903 | D:3      | Found a shimmering blue altar of Sif Muna.
  5750 | D:4      | Found a radiant altar of Vehumet.
  5752 | D:4      | Found a stormy altar of Qazlal.
  5758 | D:4      | Became a worshipper of Vehumet
  6092 | D:4      | Noticed Duvessa
  6092 | D:4      | Noticed Dowan
  6847 | D:5      | Entered Level 5 of the Dungeon
  6885 | D:5      | Reached XP level 8. HP: 46/46 MP: 14/16
  7514 | D:4      | Killed Duvessa
  7515 | D:4      | Reached skill level 5 in Spellcasting
  7515 | D:4      | Reached skill level 8 in Air Magic
  7697 | D:4      | Found a radiant altar of Vehumet.
  7699 | D:4      | Found a stormy altar of Qazlal.
  8130 | D:4      | Killed Dowan
  8932 | D:5      | Found an opulent altar of Gozag.
  8947 | D:5      | Noticed Eustachio
  8956 | D:5      | Killed Eustachio
  8957 | D:5      | Reached skill level 5 in Conjurations
  9616 | D:5      | Reached skill level 9 in Air Magic
 10096 | D:6      | Reached XP level 9. HP: 52/52 MP: 6/19
 10761 | D:6      | Reached * piety under Vehumet
 10761 | D:6      | Offered knowledge of Foxfire by Vehumet.
 10983 | D:6      | Found a staircase to the Ecumenical Temple.
 11127 | D:7      | Reached skill level 10 in Air Magic
 11344 | D:7      | Noticed Maggie
 11362 | D:7      | Noticed Menkaure
 11362 | D:7      | Noticed Joseph
 11367 | D:7      | Killed Joseph
 11550 | D:6      | Reached skill level 5 in Fighting
 11857 | D:7      | Noticed Harold
 12528 | D:6      | Reached skill level 11 in Air Magic
 12762 | D:7      | Reached XP level 10. HP: 59/59 MP: 5/22
 13011 | D:7      | Killed Menkaure
 13164 | D:7      | Killed Harold
 13619 | D:7      | Killed Maggie
 13807 | D:7      | Noticed a deep elf pyromancer
 13829 | D:6      | Reached skill level 12 in Air Magic
 14061 | D:7      | Killed a deep elf pyromancer
 14999 | D:8      | Offered knowledge of Sandblast by Vehumet.
 15230 | D:8      | Reached skill level 13 in Air Magic
 15230 | D:8      | Reached XP level 11. HP: 66/66 MP: 12/25
 15508 | D:8      | Reached ** piety under Vehumet
 15918 | D:8      | You are sucked into a shaft and drop 1 floor!
 15932 | D:10     | Entered Level 10 of the Dungeon
 17778 | D:10     | Found Ecoss's Distillery.
 18309 | D:8      | Reached skill level 14 in Air Magic
 19036 | D:9      | Reached skill level 10 in Spellcasting
 19342 | D:9      | Offered knowledge of Scorch by Vehumet.
 20221 | D:10     | Found a staircase to the Orcish Mines.
 20383 | D:11     | Noticed a death yak
 20482 | D:10     | Killed a death yak
 21026 | D:11     | Noticed a death yak
 21041 | D:11     | Noticed a death yak
 21252 | D:10     | Found Ecoss's Distillery.
 21374 | D:10     | Killed a death yak
 21978 | D:10     | Found a staircase to the Orcish Mines.
 22194 | D:11     | Found a staircase to the Lair.
 22361 | D:11     | Noticed a centaur warrior
 22373 | D:11     | a centaur warrior changed into a spriggan
 22739 | D:11     | Reached skill level 15 in Air Magic
 22782 | D:11     | Reached XP level 12. HP: 46/73 MP: 3/27
 22790 | D:11     | Reached *** piety under Vehumet
 22932 | D:11     | Noticed a boulder beetle
 23237 | Lair:1   | Entered Level 1 of the Lair of Beasts
 24195 | Lair:1   | Noticed an eight-headed hydra
 24232 | Lair:1   | Killed an eight-headed hydra
 24504 | Lair:1   | Offered knowledge of Inner Flame by Vehumet.
 24699 | Lair:1   | Reached skill level 16 in Air Magic
 24934 | Lair:2   | Found a blossoming altar of Fedhas.
 24934 | Lair:2   | Found a staircase to the Snake Pit.
 25180 | Lair:2   | You are sucked into a shaft and drop 2 floors!
 25184 | Lair:4   | Noticed a five-headed hydra
 25189 | Lair:4   | Killed a five-headed hydra
 25478 | Lair:4   | Found a staircase to the Shoals.
 25736 | Lair:4   | Noticed a four-headed hydra
 25738 | Lair:4   | Noticed a death yak
 26048 | Lair:3   | Noticed an eight-headed hydra
 26054 | Lair:3   | Killed an eight-headed hydra
 26417 | Lair:2   | Reached skill level 17 in Air Magic
 26421 | Lair:2   | Reached XP level 13. HP: 80/80 MP: 6/30
 26627 | Lair:2   | Reached **** piety under Vehumet
 26796 | Lair:3   | Offered knowledge of Conjure Flame by Vehumet.
 29090 | Lair:2   | Found a staircase to the Snake Pit.
 29111 | Lair:2   | Found a blossoming altar of Fedhas.
 29844 | Lair:3   | Found a glowing golden altar of the Shining One.
 30185 | Lair:3   | Reached skill level 18 in Air Magic
 30317 | Lair:3   | Identified the +8 rapier "Atupp" {vorpal, rF+ rC- Dex+4}
 31393 | Lair:3   | Found a glowing golden altar of the Shining One.
 31954 | Lair:4   | Reached skill level 10 in Fighting
 33236 | Lair:5   | Found a large runed translucent door.
 33237 | Lair:5   | Found a large runed translucent door.
 33247 | Lair:5   | Found a viscous altar of Jiyva.
 33248 | Lair:5   | Found a staircase to the Slime Pits.
 33452 | Lair:5   | Found a hide-covered altar of Uskayaw.
 33609 | Lair:5   | Found an ornate altar of the Wu Jian Council.
 33668 | Lair:5   | Identified a scroll of acquirement
 33669 | Lair:5   | Acquired the +3 kite shield "Bigidun" {rPois rCorr Slay+3}
 33926 | Lair:5   | Noticed Kaive's ghost (journeyman MiFi)
 33926 | Lair:5   | Found the +8 trident of the Octopus King {venom, rElec
                  | rPois Will+}
 34045 | Lair:5   | Reached skill level 1 in Shields
 34673 | Lair:6   | Entered Level 6 of the Lair of Beasts
 34706 | Lair:6   | Identified the +1 ring mail of Magic {Int+5}
 35159 | Lair:6   | Reached XP level 14. HP: 52/88 MP: 23/32
 35311 | Lair:5   | Reached ***** piety under Vehumet
 35520 | Lair:6   | Offered knowledge of Iskenderun's Battlesphere by Vehumet.
 35692 | Lair:6   | Reached skill level 19 in Air Magic
 39312 | Lair:6   | Reached skill level 5 in Shields
 40384 | Lair:6   | Noticed a juggernaut
 40393 | Lair:6   | Quit the game

Illustrated notes

Levels and vault maps discovered:
D:1:      lemuel_arrival_hallway, layout_loops_corners,
          chequers_ecumenical_altar_grove, dk_noncrumbling_3,
          minmay_misc_feat_tower
D:2:      wander_river, layout_loops_corners, uniq_natasha, uniq_sigmund
D:3:      layout_basic, nicolae_sif_muna_little_library, serial_shops,
          nicolae_shop_behind_doors, minmay_quadrilaterals
D:4:      layout_layer_cave, mainiacjoe_overflow_catwalk_spiral, uniq_duvessa
D:5:      layout_basic, nicolae_gozag_cash_rules_everything_around_me,
          due_unseen_surprise, uniq_eustachio
D:6:      layout_rooms, minmay_temple_entry_statues
D:7:      layout_cave_pools, serial_rivers, chequers_serial_rivers_marsh,
          chequers_serial_rivers_micro_b, chequers_serial_rivers_micro_e,
          chequers_serial_rivers_marsh, minmay_misc_feat_four_crosses,
          minmay_manual_mess, uniq_menkaure, uniq_harold, uniq_maggie,
          uniq_joseph
D:8:      layout_loops_corners, chequers_serial_rivers_room_a, minivault_11
D:9:      layout_grid_maze, grunt_decor_one_mirror
D:10:     layout_loops_corners, erik_orc_2, serial_shops,
          nicolae_shop_waterfront
D:11:     layout_basic, dpeg_lair_monsters, chequers_serial_rivers_small_a,
          grunt_ministairs_7, evilmike_butchery
D:12:     layout_stronghold
Lair:1:   layout_cellular_growth
Lair:2:   layout_hall_layers, dummy_snake_entry, basic_altar
Lair:3:   layout_roguey [special_room_bee], lemuel_oklob_altar
Lair:4:   layout_long_grid, elwin_shoals_entry_rocks,
          chequers_serial_rivers_room_a, beast_lair_carwin_5,
          infiniplex_staircase_pool, grunt_megastairs_4
Lair:5:   layout_hall_layers, slime_altar_1, nicolae_volcano_entry_s_turn,
          ebering_ghost_disaster_area, nzn_masters_of_martial_movement
Lair:6:   hellmonk_lair_end_abyssal_woods, layout_regular_city, ldierk_geyser,
          infiniplex_staircase_pool_2

Skill      XL: |  1  2  3  4  5  6  7  8  9 10 11 12 13 14 |
---------------+-------------------------------------------+-----
Conjurations   | 2 3 4 5 7 8 |  8.0
Fighting       | 2 3 4 5 6 8 9 10 | 10.9
Spellcasting   | 3 4 6 7 9 10 12 13 14 | 14.2
Air Magic      | 5 6 7 9 11 13 15 17 18 19 | 19.7
Shields        | 2 5 |  5.2
Dodging        | |  2.1
Stealth        | |  2.0

Action                   |  1- 3 |  4- 6 |  7- 9 | 10-12 | 13-15 || total
-------------------------+-------+-------+-------+-------+-------++-------
Melee: Short sword       |     3 |       |     4 |    13 |     6 ||    26
       Kick              |     2 |       |     1 |     5 |     1 ||     9
       Peck              |       |       |       |     3 |     2 ||     5
 Cast: Shock             |    76 |    89 |   102 |   112 |    43 ||   422
       Airstrike         |       |       |   110 |   394 |   485 ||   989
Evoke: Wand              |       |       |       |     9 |    11 ||    20
  Use: Scroll            |       |       |       |    27 |     6 ||    33
Armor: Robe              |     1 |     3 |     3 |       |       ||     7
       Leather armour    |       |       |     6 |    59 |    62 ||   127
Dodge: Dodged            |     7 |    20 |    41 |   188 |   130 ||   386
Block: Kite shield       |       |       |       |       |    65 ||    65

Table legend: (Time is in decaauts)
 A = Elapsed time spent in this place.
 B = Non-inter-level travel time spent in this place.
 C = Inter-level travel time spent in this place.
 D = Time resting spent in this place.
 E = Time spent auto-exploring this place.
 F = Levels seen in this place.
 G = Mean time per level.
                   A        B        C        D        E       F      G
               +--------+--------+--------+--------+--------+-----+--------+
         Total |  38863 |  37846 |   1017 |   5646 |  27777 |  18 | 2159.1 |
       Dungeon |  22321 |  21708 |    613 |   2622 |  16757 |  12 | 1860.1 |
          Lair |  16541 |  16138 |    403 |   3024 |  11019 |   6 | 2756.8 |
               +--------+--------+--------+--------+--------+-----+--------+

Top non-repeatable levels by time:
    D:10: 4044 daAuts
  Lair:5: 3922 daAuts
  Lair:3: 3172 daAuts
     D:6: 3045 daAuts
  Lair:6: 2942 daAuts
     D:4: 2740 daAuts
  Lair:2: 2654 daAuts
     D:2: 2228 daAuts
  Lair:1: 2169 daAuts
     D:8: 2101 daAuts
     D:3: 1718 daAuts
  Lair:4: 1680 daAuts
     D:1: 1576 daAuts
     D:7: 1272 daAuts
     D:5: 1269 daAuts
